Map: Orbital Shipyard

Players

RainMan

  • Race: Zerg Zerg
  • League: Grandmaster

Miszu - Winner!

  • Race: Terran Terran
  • League: Grandmaster

VOD

Have the link to the VOD?

Description

Time

  • Played on: Feb. 23, 2016, 1:09 p.m.
  • Length: 10:25
Show
View Real Time Build Order
Export as new Build Order

RainMan Zerg 

Build Orders: Hatch First, Muta Ling Bane 

Get SALT Encoding   

  12  0:01  Drone  
  13  0:12  Overlord  
  13  0:17  Drone  
  14  0:30  Drone x2  
  16  0:35  Drone  
  17  0:50  Hatchery  
  17  0:53  Drone  
  17  0:56  Drone  
  18  1:10  Spawning Pool  
  17  1:14  Extractor  
  17  1:15  Drone  
  17  1:18  Drone  
  18  1:27  Drone  
  19  1:38  Overlord  
  19  1:49  Drone  
  20  1:56  Queen  
  20  2:00  Zergling x2  
  23  2:02  Zergling x2, Queen  
  26  2:10  Drone  
  26  2:13  Drone  
  26  2:15  Metabolic Boost  
  28  2:21  Drone  
  29  2:27  Drone  
  30  2:32  Queen  
  30  2:35  Overlord  
  32  2:37  Drone  
  33  2:44  Drone  
  33  2:47  Overlord  
  33  2:55  Lair  
  33  2:57  Extractor x2, Zergling x4  
  33  3:05  Zergling x4  
  35  3:07  Drone x2  
  37  3:15  Drone x3  
  37  3:16  Drone  
  41  3:22  Drone  
  41  3:26  Drone  
  43  3:30  Drone  
  44  3:35  Overlord  
  44  3:49  Drone  
  44  3:50  Extractor, Drone x3  
  44  3:53  Spire  
  46  4:01  Zergling x2  
  46  4:02  Zergling x6  
  50  4:07  Drone  
  51  4:10  Overlord  
  51  4:20  Drone x4  
  51  4:22  Drone  
  51  4:23  Drone x2  
  58  4:25  Drone  
  59  4:33  Overlord x2  
  55  4:55  Drone  
  56  5:05  Hatchery, Mutalisk x5  
  65  5:07  Mutalisk  
  65  5:10  Mutalisk  
  65  5:13  Zerg Flyer Weapons Level 1  
  69  5:18  Mutalisk  
  71  5:27  Drone x3  
  73  5:31  Baneling Nest  
  73  5:34  Evolution Chamber x2  
  70  5:39  Drone  
  70  5:40  Drone x4  
  70  5:42  Overlord  
  75  5:53  Drone x2  
  77  6:02  Zerg Melee Weapons Level 1, Zerg Ground Armor Level 1  
  77  6:04  Drone x6  
  83  6:12  Overlord x2  
  81  6:26  Drone x9  
  81  6:28  Extractor  
  81  6:29  Centrifical Hooks  
  81  6:31  Extractor  
  88  6:35  Pneumatized Carapace  
  88  6:37  Overseer  
  88  6:40  Overlord  
  88  6:41  Overlord x2  
  88  6:42  Baneling x2  
  88  6:43  Baneling  
  88  6:44  Baneling x2  
  88  6:45  Baneling  
  88  6:50  Drone x2  
  88  6:54  Drone  
  91  6:59  Mutalisk  
  91  7:00  Mutalisk  
  95  7:03  Mutalisk  
  97  7:09  Zergling x12  
  97  7:14  Zergling x6  
  106  7:17  Hatchery  
  106  7:21  Mutalisk x3  
  111  7:24  Zerg Flyer Weapons Level 2  
  111  7:26  Baneling x2  
  111  7:27  Baneling  
  111  7:29  Zergling x6  
  114  7:35  Zergling x6  
  114  7:36  Zergling x8  
  121  7:41  Zergling x4  
  123  7:46  Zergling x2  
  123  7:47  Zergling x4  
  123  8:02  Zergling x2  
  123  8:03  Zergling x14  
  123  8:07  Hatchery  
  123  8:08  Hatchery  
  114  8:16  Zergling x10  
  114  8:17  Zergling x2  
  113  8:24  Baneling x9  
  113  8:25  Baneling x3  
  113  8:26  Baneling x3, Overseer  
  113  8:30  Mutalisk x2  
  113  8:32  Zergling x6  
  112  8:51  Zergling x2  
  112  8:52  Zergling x16  
  112  8:54  Baneling x2  
  112  8:55  Baneling  
  114  8:57  Mutalisk x2  
  114  8:58  Mutalisk  
  114  9:00  Zergling x4  
  122  9:05  Zergling x2  
  122  9:09  Zergling x4  
  119  9:29  Baneling x2  
  119  9:30  Zergling x18  
  119  9:31  Zergling x12  
  117  9:38  Zergling x4  
  117  9:45  Zergling x6  
  110  9:49  Zergling x6  
  110  9:51  Baneling x2  
  110  9:52  Baneling x8  
  109  9:54  Mutalisk x2  
  109  9:55  Mutalisk  
Show
View Real Time Build Order
Export as new Build Order

Miszu Terran - Winner!

Build Orders: MMM Bio 

Get SALT Encoding   

  12  0:00  SCV  
  13  0:12  SCV  
  14  0:17  Supply Depot  
  14  0:25  SCV  
  15  0:39  SCV  
  15  0:41  Barracks  
  16  0:43  Refinery  
  16  0:51  SCV  
  17  1:03  SCV  
  18  1:15  SCV  
  19  1:27  Orbital Command  
  19  1:28  Barracks Reactor  
  19  1:39  Command Center  
  19  1:46  Supply Depot  
  19  1:53  SCV  
  20  2:05  SCV  
  20  2:06  Reaper x2  
  23  2:17  SCV  
  24  2:29  SCV  
  25  2:30  Command Center  
  25  2:41  SCV  
  25  2:42  Reaper x2  
  28  2:51  Orbital Command  
  28  2:54  SCV  
  29  3:06  SCV  
  30  3:16  Reaper  
  30  3:17  Reaper  
  30  3:18  SCV x2  
  34  3:22  Refinery  
  34  3:24  Barracks  
  34  3:26  Barracks  
  34  3:30  SCV x2  
  36  3:42  SCV x2  
  38  3:50  Orbital Command  
  38  3:54  SCV x2  
  38  3:55  Refinery  
  40  3:56  Refinery  
  40  3:57  Marine  
  40  3:58  Engineering Bay x2, Marine  
  42  4:06  SCV x2  
  44  4:13  Orbital Command  
  44  4:15  Marine, Barracks Tech Lab x2  
  45  4:18  Factory, SCV x2  
  45  4:23  Supply Depot  
  47  4:30  SCV x2  
  49  4:35  Marine x2  
  49  4:37  Stimpack  
  51  4:42  SCV x2  
  51  4:44  Marine x2  
  49  4:46  Supply Depot, SCV  
  49  4:50  Terran Infantry Armor Level 1  
  49  4:51  Terran Infantry Weapons Level 1  
  50  4:53  Marine x2  
  50  4:54  SCV  
  50  4:55  SCV  
  50  4:58  SCV  
  55  5:00  Supply Depot  
  55  5:02  Marine x2  
  55  5:04  Starport, Factory Reactor  
  55  5:06  SCV  
  55  5:07  SCV  
  59  5:08  Supply Depot  
  59  5:10  Missile Turret  
  59  5:13  SCV, Missile Turret  
  60  5:18  Missile Turret  
  60  5:19  SCV x2  
  62  5:25  SCV  
  63  5:29  Marine x3, Combat Shields  
  63  5:32  SCV  
  63  5:33  SCV  
  63  5:35  Marine  
  69  5:38  SCV  
  70  5:44  Barracks x2  
  70  5:45  SCV  
  70  5:46  SCV  
  70  5:47  Marine  
  73  5:54  SCV, Armory  
  73  5:56  Marine x2, Factory Reactor  
  76  5:57  Medivac, SCV  
  76  5:59  Medivac  
  76  6:00  SCV  
  76  6:03  Supply Depot  
  82  6:05  Supply Depot  
  82  6:08  Supply Depot  
  81  6:13  SCV  
  81  6:15  SCV x2  
  81  6:16  Marine x3  
  85  6:21  Refinery  
  85  6:25  SCV  
  87  6:27  SCV x2  
  87  6:30  Supply Depot  
  89  6:33  Supply Depot, Refinery, Marine  
  89  6:34  Marine x2  
  89  6:37  SCV  
  89  6:38  Medivac x2  
  89  6:39  Widow Mine  
  99  6:40  Barracks Reactor  
  99  6:41  Barracks Reactor, Widow Mine  
  99  6:45  SCV  
  99  6:46  SCV  
  102  6:49  SCV  
  102  6:53  Marine, Marauder  
  106  6:57  Terran Infantry Armor Level 2  
  106  6:59  Terran Infantry Weapons Level 2  
  108  7:01  SCV  
  108  7:05  Supply Depot  
  108  7:07  Widow Mine  
  108  7:08  Supply Depot  
  109  7:09  Supply Depot, Marine  
  109  7:10  Medivac, Marauder, Widow Mine  
  116  7:22  Marine x4, Marauder  
  120  7:27  Factory  
  120  7:28  Supply Depot  
  122  7:31  Medivac, Marauder  
  122  7:34  Supply Depot  
  122  7:36  Supply Depot  
  126  7:37  Widow Mine  
  126  7:44  Barracks x2  
  128  7:45  Barracks  
  128  7:51  Marine, Marauder  
  123  8:03  Marauder  
  123  8:04  Marine  
  110  8:13  Marauder  
  110  8:14  Marine  
  110  8:15  Marine  
  110  8:16  Marine  
  110  8:17  Marine x2, Widow Mine  
  110  8:18  Medivac x2  
  110  8:19  Widow Mine, Factory Tech Lab  
  115  8:22  Marine  
  115  8:25  Marauder  
  115  8:26  Command Center  
  118  8:31  Marine, Terran Vehicle Weapons Level 1  
  118  8:33  Marine  
  118  8:34  Marine x3, Marauder  
  122  8:40  Marine  
  126  8:46  Marauder  
  126  8:48  Medivac  
  128  8:51  Marine  
  128  8:52  Marine x4, Widow Mine x2  
  128  8:53  Hellion  
  128  8:54  Marine, Medivac  
  128  8:55  Marine x2, Marauder  
  137  9:01  Marine  
  138  9:07  Marauder  
  138  9:09  Marine  
  141  9:10  Marine  
  141  9:13  Widow Mine  
  141  9:14  Marine x2  
  141  9:15  Marine  
  141  9:16  Barracks Tech Lab x2  
  149  9:17  Marauder  
  149  9:19  Marine  
  149  9:21  Widow Mine x2  
  149  9:22  Missile Turret  
  153  9:27  Marine  
  153  9:28  Marine  
  153  9:29  Marine, Marauder  
  153  9:32  Marine x3  
  153  9:37  Marine, Medivac x2  
  153  9:38  Marauder  
  162  9:42  Widow Mine  
  162  9:45  Marine x2, Marauder  
  167  9:46  Marine x2  
  167  9:49  Widow Mine  
  167  9:50  Marauder, Widow Mine  
  176  9:59  Marauder  
  178  10:01  Marine  
  178  10:03  Marauder  
  178  10:07  Marine  
Tags
 
Add a new tag
Caveats
  • Supply blocks, unpowered buildings, or Contaminate may cause inaccurate times.
  • Supply counts are checked every 10 seconds.